 Dungeon Crawl Stone Soup version 0.22-a0-422-g9628fc8 (webtiles) character file.

3448 4thArraOfDagon the Cleaver (level 10, 0/64 HPs)
             Began as a Gargoyle Berserker on May 16, 2018.
             Was a Priest of Trog.
             Slain by a red ugly thing (21 damage)
             ... on level 11 of the Dungeon.
             The game lasted 00:09:16 (1442 turns).

4thArraOfDagon the Cleaver (Gargoyle Berserker)     Turns: 1442, Time: 00:09:17

Health: 0/64       AC: 23    Str: 23    XL:     10   Next: 6%
Magic:  10/10      EV: 14    Int:  9    God:    Trog [***...]
Gold:   204        SH:  0    Dex: 14    Spells: 9/9 levels left

rFire    . . .     SeeInvis .   a - +0 hand axe
rCold    . . .     Gourm    .   (no shield)
rNeg     + . .     Faith    .   i - +0 chain mail
rPois    ∞         Spirit   .   r - +0 helmet
rElec    +         Reflect  .   (no cloak)
rCorr    .         Harm     .   (no gloves)
MR       ++...                  (no boots)
Stlth    ..........             s - amulet of inaccuracy (curse)
HPRegen  1.20/turn              k - ring of stealth
MPRegen  0.12/turn              q - +4 ring of protection

@: agile, berserk cooldown, regenerating, slowed, very slow
A: negative energy resistance 1, electricity resistance, unbreathing,
petrification resistance, rot immunity, AC +7
a: Berserk, Trog's Hand, Renounce Religion


You were on level 11 of the Dungeon.
You worshipped Trog.
Trog was most pleased with you.
You were very hungry.

You visited 1 branch of the dungeon, and saw 10 of its levels.
You also visited: Sewer.

You collected 204 gold pieces.

Inventory:

Hand Weapons
 a - a +0 hand axe (weapon)
 n - a +0 giant club
Armour
 b - a +0 animal skin
 i - a +0 chain mail (worn)
 r - a +0 helmet (worn)
Jewellery
 k - a ring of stealth (left hand)
 q - a +4 ring of protection (right hand)
 s - a cursed amulet of inaccuracy (around neck)
Wands
 e - a wand of disintegration (10)
 p - a wand of iceblast (9)
 u - a wand of enslavement (15)
Scrolls
 f - a scroll of amnesia
 l - 5 scrolls of teleportation
Potions
 d - 2 potions of haste
 g - a potion of brilliance
 m - 2 potions of heal wounds
 o - a potion of curing
Comestibles
 c - 4 rations
 h - 5 chunks of flesh


   Skills:
 + Level 8.3 Fighting
 * Level 9.4 Axes
 + Level 7.9 Armour
 - Level 2.0 Dodging


You had 9 spell levels left.
You didn't know any spells.
Your spell library was empty.

Dungeon Overview and Level Annotations

Branches:
Dungeon (11/15)
 Temple: D:4-7         Lair: D:8-11         Orc: D:9-12

Altars:
Dithmenos
Qazlal
Trog


Innate Abilities, Weirdness & Mutations

You are resistant to torment.
Your stone body is resilient. (AC +7)
You are immune to poison.
You resist negative energy. (rN+)
You are resistant to electric shocks. (rElec)
You can survive without breathing.
You are immune to petrification.
You are immune to rotting.


Message History

Unknown command.
You slash the red ugly thing!
The red ugly thing is severely wounded.
You slash the yak!
You are no longer berserk.
You are exhausted.
You feel yourself slow down.
The red ugly thing gores you but does no damage.
You miss the red ugly thing.
The red ugly thing is heavily wounded.
You closely miss the yak. The yak gores you but does no damage.
The red ugly thing barely misses you. The yak barely misses you.
Unknown command.
Throwing (i - inventory)
t - a throwing net (quivered)
Press: ? - help, Shift-Dir - straight line, f - red ugly thing
Aim: a red ugly thing (heavily wounded)
You throw a throwing net.
The throwing net barely misses the red ugly thing.
The red ugly thing gores you!
You are engulfed in flames!!
You die...

#
########.##
#..<.......
##......#.##
+..†@...#
##.uY†..#
#(.....#
#......#
.......#
........#
.........#
......##.##


You could see a red ugly thing and a yak.

Vanquished Creatures
  A centaur warrior (D:10)
  An ugly thing (D:11)
  A hippogriff (D:9)
  4 yaks (D:11)
  A wyvern (D:9)
  Duvessa (D:4)
  An orc warrior (D:10)
  Purgy (Sewer)
  A sky beast (D:11)
  An ogre (D:9)
  The ghost of Goblin1989 the Chopper, an amateur DsCK of Xom (D:3)
  A centaur (D:5)
  Blork the orc (D:4)
  3 bullfrogs
  A gnoll sergeant (D:9)
  Dowan (D:4)
  A scorpion (D:10)
  A water moccasin skeleton (D:10)
  A centaur zombie (D:6)
  A bullfrog skeleton (D:9)
  2 jellies
  An orc wizard (D:10)
  Ijyb (D:4)
  Terence (D:2)
  Robin (D:4)
  10 gnolls
  3 adders
  2 oozes
  An adder skeleton (D:9)
  An adder zombie (D:6)
  3 worms
  A dart slug (D:3)
  4 leopard geckos
  3 orcs (D:10)
  4 ball pythons
  5 giant cockroaches
  13 goblins
  5 hobgoblins
  7 jackals
  2 kobolds (D:3)
  4 bats
  7 frilled lizards
  2 jackal skeletons
  11 rats
119 creatures vanquished.

Notes
Turn   | Place    | Note
-------+----------+-------------------------------------------
     0 | D:1      | 4thArraOfDagon the Gargoyle Berserker began the quest for the Orb.
     0 | D:1      | Reached XP level 1. HP: 14/14 MP: 1/1
    37 | D:1      | Reached XP level 2. HP: 15/19 MP: 2/2
    37 | D:1      | Reached skill level 3 in Axes
    98 | D:1      | You fall through a shaft!
   132 | D:2      | Noticed Terence
   140 | D:2      | Killed Terence
   140 | D:2      | Reached XP level 3. HP: 17/24 MP: 3/3
   260 | D:3      | Found a stormy altar of Qazlal.
   265 | D:3      | Found a bloodstained altar of Trog.
   275 | D:3      | Reached ** piety under Trog
   276 | D:3      | Reached XP level 4. HP: 29/29 MP: 4/4
   317 | D:3      | p0werm0de: https://soundcloud.com/buntewasser/tumpel-tapes-010-matschi-elf
   345 | D:3      | p0werm0de: local stuff, dont complain if it isnt top quality
   345 | D:3      | p0werm0de: still like it
   358 | D:3      | p0werm0de: man i drove to a rave in nature with bike on saturday
   367 | D:3      | Noticed Goblin1989's ghost (amateur DsCK)
   373 | D:3      | p0werm0de: and came back sunday evening ;;D
   386 | D:3      | p0werm0de: 30km one way so over 60 total
   394 | D:3      | Reached XP level 5. HP: 32/33 MP: 5/5
   394 | D:3      | Reached skill level 4 in Axes
   401 | D:3      | Killed Goblin1989's ghost
   401 | D:3      | Reached XP level 6. HP: 32/39 MP: 6/6
   460 | D:3      | Found a glowing drain.
   491 | Sewer    | Entered a sewer
   534 | Sewer    | Noticed Purgy
   542 | Sewer    | Killed Purgy
   547 | Sewer    | :/
   629 | D:3      | Reached skill level 5 in Axes
   654 | D:4      | Noticed Duvessa
   654 | D:4      | Noticed Dowan
   686 | D:4      | Killed Duvessa
   686 | D:4      | Reached *** piety under Trog
   686 | D:4      | Reached skill level 5 in Fighting
   686 | D:4      | Reached XP level 7. HP: 44/44 MP: 7/7
   687 | D:4      | Killed Dowan
   712 | D:4      | Noticed Ijyb
   716 | D:4      | Killed Ijyb
   733 | D:5      | Entered Level 5 of the Dungeon
   766 | D:4      | Noticed Robin
   766 | D:4      | Noticed Blork the orc
   774 | D:4      | Killed Blork the orc
   783 | D:4      | Killed Robin
   834 | D:4      | 4thArraOfDagon: mm, lets check
   834 | D:4      | 4thArraOfDagon: intro sounds trip-hoppy
   936 | D:6      | Reached skill level 6 in Axes
   936 | D:6      | Reached skill level 5 in Armour
   947 | D:6      | Reached XP level 8. HP: 50/51 MP: 8/8
   985 | D:7      | You fall through a shaft for 2 floors!
   985 | D:9      | Noticed a wyvern
   993 | D:9      | Killed a wyvern
  1074 | D:9      | thx
  1118 | D:9      | Noticed a hippogriff
  1140 | D:9      | Killed a hippogriff
  1140 | D:9      | Reached skill level 7 in Axes
  1168 | D:9      | Found a shadowy altar of Dithmenos.
  1223 | D:10     | Entered Level 10 of the Dungeon
  1241 | D:10     | Reached XP level 9. HP: 47/56 MP: 9/9
  1258 | D:10     | fu
  1294 | D:9      | 4thArraOfDagon: what do you want, its cool :)
  1315 | D:10     | 4thArraOfDagon: quality is ok
  1331 | D:10     | Noticed a centaur warrior
  1347 | D:10     | Killed a centaur warrior
  1347 | D:10     | Reached skill level 8 in Axes
  1411 | D:11     | Noticed a red ugly thing
  1419 | D:11     | Noticed a green ugly thing
  1431 | D:11     | Reached skill level 9 in Axes
  1433 | D:11     | Killed a red ugly thing
  1433 | D:11     | Reached XP level 10. HP: 53/64 MP: 10/10
  1442 | D:11     | Slain by a red ugly thing

Vault maps used:
D:1:      tarquinn_simple_flora_water_d, serial_park_tiny_pond
D:2:      cheibriados_altar_1, st_stairs_10, tso_metal_star, uniq_terence
D:3:      lemuel_round_altar, old_standard_altar, portal_sewer_entry_b,
          first_ration
D:4:      minmay_temple_entry_poolview, uniq_ijyb, uniq_blork_the_orc,
          uniq_robin, uniq_duvessa
D:5:      grunt_temple_overflow_open
D:7:      uniq_prince_ribbit1
D:9:      lemuel_doored_altar
D:10:     cheibrodos_ideogram_h, david_lair_shrubbed, serial_shops, shop,
          kennysheep_decorative_pillar
D:11:     kennysheep_orc_monster_closet_entryway
Sewer:    sewer_co_purgy_island

Skill      XL: |  1  2  3  4  5  6  7  8  9 |
---------------+----------------------------+-----
Axes           | 3 4 5 6 7 9 |  9.4
Dodging        | 2 |  2.0
Fighting       | 4 5 6 8 |  8.3
Armour         | 3 4 5 6 7 |  7.9

Action                   |  1- 3 |  4- 6 |  7- 9 | 10-12 || total
-------------------------+-------+-------+-------+-------++-------
Melee: Hand axe          |    48 |   116 |   205 |     8 ||   377
Throw: Throwing net      |       |       |     2 |     1 ||     3
Invok: Berserk           |     3 |     4 |     7 |       ||    14
       Trog's Hand       |       |     1 |     5 |       ||     6
Evoke: Wand              |       |       |     3 |       ||     3
  Use: Scroll            |       |     9 |       |       ||     9
       Potion            |       |       |     2 |       ||     2
  Eat: Chunk             |       |     6 |    10 |       ||    16
Armor: Animal skin       |    13 |       |       |       ||    13
       Chain mail        |    46 |    97 |   219 |     4 ||   366
Dodge: Dodged            |    49 |    52 |   120 |     6 ||   227

Table legend:
 A = Spawn XP
 B = Non-spawn XP
 C = Spawn XP percentage of total XP
 D = Spawn monster count
 E = Non-spawn monster count
 F = Spawn count percentage of total count
 G = Total turns spent on level
                    A         B        C        D         E        F      G
               +---------+---------+-------+---------+---------+-------+---------
         Total |       0 |    4927 |   0.0 |       0 |     119 |   0.0 |  1442
               +---------+---------+-------+---------+---------+-------+---------
           D:1 |       0 |      22 |   0.0 |       0 |      11 |   0.0 |    96
           D:2 |       0 |      45 |   0.0 |       0 |       8 |   0.0 |   151
           D:3 |       0 |     341 |   0.0 |       0 |      40 |   0.0 |   353
           D:4 |       0 |     391 |   0.0 |       0 |      20 |   0.0 |   147
           D:5 |       0 |     158 |   0.0 |       0 |       3 |   0.0 |    79
           D:6 |       0 |     158 |   0.0 |       0 |       6 |   0.0 |    78
           D:9 |       0 |     923 |   0.0 |       0 |      11 |   0.0 |   257
          D:10 |       0 |    1257 |   0.0 |       0 |       8 |   0.0 |   167
          D:11 |       0 |    1496 |   0.0 |       0 |       6 |   0.0 |    33
         Sewer |       0 |     136 |   0.0 |       0 |       6 |   0.0 |    77
               +---------+---------+-------+---------+---------+-------+---------
